 Dungeon Crawl Stone Soup version 0.30-a0-557-ge2afbf3030 (webtiles) character file.

Game seed: 6275219643855587244

51 bande the Covered (level 3, -4/24 HPs)
             Began as a Gargoyle Fighter on Dec 28, 2022.
             Killed from afar by Terence (13 damage)
             ... with a bolt of light
             ... on level 2 of the Dungeon.
             The game lasted 00:02:01 (802 turns).

bande the Covered (Gargoyle Fighter)                 Turns: 802, Time: 00:02:02

Health: -4/24      AC: 11    Str: 19    XL:     3   Next: 81%
Magic:  3/3        EV: 13    Int:  8    God:
Gold:   65         SH:  4    Dex: 11    Spells: 2/2 levels left

rFire   . . .      SeeInvis .    a - +0 war axe
rCold   . . .      Faith    .    c - +0 buckler
rNeg    + . .      Spirit   .    b - +0 scale mail
rPois   ∞          Reflect  .    (no helmet)
rElec   +          Harm     .    (no cloak)
rCorr   .          Rampage  .    (no gloves)
Will    .....                    j - +0 pair of boots Stlth
                                 (no amulet)
HPRegen 0.24/turn                h - +4 ring of evasion
MPRegen 0.08/turn                (no ring)

@: no status effects
A: sickness immunity, AC +3, negative energy resistance 1, electricity
resistance, torment resistance 1, petrification resistance
a: no special abilities


You were on level 2 of the Dungeon.
You visited 1 branch of the dungeon, and saw 2 of its levels.

You collected 65 gold pieces.

Inventory:

Hand Weapons
 a - a +0 war axe (weapon)
Armour
 b - a +0 scale mail (worn)
 c - a +0 buckler (worn)
 j - a +0 pair of boots (worn)
Jewellery
 h - a +4 ring of evasion (left hand)
Scrolls
 k - a scroll of enchant weapon {unknown}
Potions
 d - a potion of might
 e - a potion of haste
 f - a potion of invisibility {unknown}
 g - a potion of attraction {unknown}
 i - a potion of heal wounds {unknown}


   Skills:
 + Level 3.7 Fighting
 + Level 2.4 Axes
 + Level 3.8 Armour
 - Level 0.2 Dodging
 + Level 3.7 Shields


You had 2 spell levels left.
You didn't know any spells.
Your spell library was empty.

Dungeon Overview and Level Annotations

Branches:
Dungeon (2/15)

Altars:

Annotations:
D:2 Terence


Innate Abilities, Weirdness & Mutations

You are immune to sickness and miasma.
Your stone body is resilient. (AC +3)
You are immune to poison.
You resist negative energy. (rN+)
You are resistant to electric shocks. (rElec)
You are resistant to unholy torment.
You are immune to petrification.


Message History

k - a scroll labelled LUMICW VOUCWIS No target in view!
No target in view!
No target in view!
You now have 65 gold pieces (gained 9).
You open the door.
There is an open door here.
A ball python comes into view.
A ball python is nearby!
The ball python hisses angrily.
The ball python bites you but does no damage.
The ball python closely misses you.
You hit the ball python.
You kill the ball python!
No target in view!
No target in view!
No target in view!
No target in view!
No target in view!
Terence the Incautious comes into view.
He is wielding a +0 hand axe and carrying a wand of light (8).
Terence shouts!
Terence zaps a wand.
The bolt of light hits you!
Ouch! That really hurt!
You are too injured to fight recklessly!
You are too injured to fight recklessly!
You are too injured to fight recklessly!
You are too injured to fight recklessly!
You are too injured to fight recklessly!
You are too injured to fight recklessly!
You are too injured to fight recklessly!
You are too injured to fight recklessly!
You are too injured to fight recklessly!
You are too injured to fight recklessly!
You closely miss Terence. Terence hits you with a +0 hand axe.
Terence hits you but does no damage.
You slash Terence!
Terence is severely wounded.
Terence zaps a wand.
The bolt of light hits you!
Ouch! That really hurt!
You die...

..'.........'........#
.##.........####....##
.###.......## #..#.#
.# ##.....##
#.##.####.# .# ##...##
#.........# ## ##+##
####.###### #.#
#########.#
#....@@...#
#.######### #####
....# ....### .......
....###.# ....# #.#
##### #.#


You could see Terence.

Vanquished Creatures
  2 adders (D:2)
  2 dart slugs
  3 ball pythons
  2 endoplasms
  2 giant cockroaches (D:1)
  3 goblins (D:1)
  5 hobgoblins (D:1)
  3 kobolds (D:1)
  A bat (D:2)
  3 rats (D:1)
26 creatures vanquished.

Notes
Turn   | Place    | Note
-------+----------+-------------------------------------------
     0 | D:1      | bande the Gargoyle Fighter began the quest for the Orb.
     0 | D:1      | Reached XP level 1. HP: 14/14 MP: 1/1
   147 | D:1      | Reached XP level 2. HP: 17/19 MP: 2/2
   366 | D:1      | Reached XP level 3. HP: 23/23 MP: 3/3
   797 | D:2      | Noticed Terence
   802 | D:2      | Killed from afar by Terence

Illustrated notes

Levels and vault maps discovered:
D:1:      minmay_arrival_radiant_lines, layout_loops_ring
D:2:      minmay_chambers_of_twos, layout_loops_corners, basic_altar,
          uniq_terence

Skill      XL: |  1  2 |
---------------+-------+-----
Axes           | 2 |  2.4
Fighting       | |  3.7
Armour         | |  3.8
Dodging        | |  0.2
Shields        | |  3.7

Action                   || total
-------------------------++-------
Melee: War axe           ||    71
  Use: Scroll            ||     2
Armor: Scale mail        ||    27
Dodge: Dodged            ||    45
Block: Buckler           ||    15

Table legend: (Time is in decaauts)
 A = Elapsed time spent in this place.
 B = Non-inter-level travel time spent in this place.
 C = Inter-level travel time spent in this place.
 D = Time resting spent in this place.
 E = Time spent auto-exploring this place.
 F = Levels seen in this place.
 G = Mean time per level.
                   A        B        C        D        E       F      G
               +--------+--------+--------+--------+--------+-----+--------+
         Total |    833 |    833 |      0 |      0 |    606 |   2 |  416.5 |
       Dungeon |    833 |    833 |      0 |      0 |    606 |   2 |  416.5 |
               +--------+--------+--------+--------+--------+-----+--------+

Top non-repeatable levels by time:
     D:1: 668 daAuts
     D:2: 164 daAuts
